 Dungeon Crawl Stone Soup version 0.23.2-1-ga50397a (webtiles) character file.

Game seed: 15820783440426193101

125 troglodite the Digger (level 5, -8/37 HPs)
             Began as a Formicid Earth Elementalist on May 21, 2019.
             Killed from afar by an orc wizard (11 damage)
             ... with a puff of flame
             ... on level 3 of the Dungeon.
             The game lasted 00:14:48 (3522 turns).

troglodite the Digger (Formicid Earth Elementalist) Turns: 3522, Time: 00:14:49

Health: -8/37      AC:  6    Str: 12    XL:     5   Next: 30%
Magic:  9/9        EV: 10    Int: 15    God:
Gold:   165        SH:  0    Dex: 12    Spells: 9/10 levels left

rFire    . . .     SeeInvis +   l - +4 short sword
rCold    . . .     Gourm    .   (no shield)
rNeg     . . .     Faith    .   h - +0 ring mail
rPois    .         Spirit   .   (helmet unavailable)
rElec    .         Reflect  .   t - +0 cloak
rCorr    .         Harm     .   (no gloves)
MR       .....                  (no boots)
Stlth    +.........             (no amulet)
HPRegen  0.12/turn              (no ring)
MPRegen  0.11/turn              (no ring)

@: lightly drained
A: permanent stasis, dig shafts and tunnels, four strong arms, antennae 3
a: Dig, Shaft Self


You were on level 3 of the Dungeon.
You were hungry.

You visited 1 branch of the dungeon, and saw 3 of its levels.

You collected 165 gold pieces.

Inventory:

Hand Weapons
 a - a +2 dagger of protection
 l - a +4 short sword (weapon)
Missiles
 b - 164 stones (quivered)
Armour
 h - a +0 ring mail (worn)
 t - a +0 cloak (worn)
Scrolls
 c - 3 scrolls of remove curse
 e - a scroll of fear {unknown}
 f - a scroll of silence {unknown}
 g - 2 scrolls of fog
 k - 2 scrolls of noise {unknown}
 m - a scroll of enchant weapon {unknown}
 n - a scroll of amnesia {unknown}
 o - a scroll of immolation {unknown}
 p - 2 scrolls of teleportation {unknown}
Potions
 i - a potion of resistance
 j - a potion of invisibility
 r - a potion of lignification {unknown}
 s - a potion of magic {unknown}
Comestibles
 d - 10 rations
 q - 3 chunks of flesh


   Skills:
 * Level 1.2(1.0) Fighting
 * Level 2.0(1.8) Short Blades
 * Level 1.1(0.8) Armour
 + Level 2.0(1.8) Dodging
 * Level 3.2(3.0) Stealth
 * Level 3.0(2.8) Spellcasting
   Level 1.1(0.8) Transmutations
 * Level 4.3(4.0) Earth Magic


You had 9 spell levels left.
You knew the following spells:

 Your Spells              Type           Power        Failure   Level  Hunger
a - Sandblast             Erth           ##....       9%          1    #......

Your spell library contained the following spells:

 Spells                   Type           Power        Failure   Level  Hunger
 Passwall                 Tmut/Erth      #.......     26%         2    ##.....
 Stone Arrow              Conj/Erth      #.....       52%         3    ###....
 Petrify                  Tmut/Erth      #.......     86%         4    #####..
 Lee's Rapid Deconstruct  Erth           ##........   94%         5    ######.


Dungeon Overview and Level Annotations

Branches:
Dungeon (3/15)

Altars:
Nemelex Xobeh


Innate Abilities, Weirdness & Mutations

You cannot be hasted, slowed, berserked, paralysed or teleported.
You can dig through walls and to a lower floor.
Your four strong arms can wield two-handed weapons with a shield.
You have a pair of large antennae on your head. (SInv)


Message History

The magic dart hits you.
You barely miss the orc wizard.
The orc wizard is heavily wounded.
The orc wizard hits you but does no damage.
You barely miss the orc wizard.
The orc wizard is heavily wounded.
The orc wizard points at you and mumbles some strange words.
The puff of flame hits you!
* * * LOW HITPOINT WARNING * * *
You hit the orc wizard but do no damage.
The orc wizard is heavily wounded.
The orc wizard hits you but does no damage.
You hit the orc wizard.
The orc wizard is severely wounded.
The orc wizard hits you but does no damage.
You closely miss the orc wizard.
The orc wizard is severely wounded.
The orc wizard casts a spell at you. The puff of flame hits you!
You die...

############## #######
....##.......# #.....#
....##.#####.#######.....#
....##.# #....@.#......#
....##.##########o#......#
..<....##.....# #)#.###.##
....#####.###.###.....#.# #.#
##### #.##..........#{# ###.#
#.##..........#{# ..#.#
######.#....##.....#.#####.#.#
#......####.#######......#.#.#
#......# #.# #...##.#.#.#


You could see an orc wizard (invisible).

Vanquished Creatures
  4 adders
  2 worms (D:3)
  A dart slug (D:1)
  8 orcs (D:3)
  8 giant cockroaches
  6 goblins
  5 hobgoblins
  9 kobolds
  A quokka (D:2)
  4 ball pythons
  11 bats
  4 frilled lizards
  10 rats
73 creatures vanquished.

Notes
Turn   | Place    | Note
-------+----------+-------------------------------------------
     0 | D:1      | troglodite the Formicid Earth Elementalist began the quest
                  | for the Orb.
     0 | D:1      | Reached XP level 1. HP: 13/13 MP: 3/3
   432 | D:1      | Reached XP level 2. HP: 15/19 MP: 5/5
   511 | D:1      | Reached skill level 4 in Earth Magic
   959 | D:2      | Reached XP level 3. HP: 25/25 MP: 6/6
  1548 | D:2      | Reached skill level 1 in Short Blades
  1671 | D:2      | Reached skill level 1 in Fighting
  1722 | D:2      | Found a sparkling altar of Nemelex Xobeh.
  1809 | D:2      | Reached XP level 4. HP: 10/32 MP: 5/7
  3017 | D:3      | Reached XP level 5. HP: 37/37 MP: 9/9
  3149 | D:3      | Reached skill level 1 in Armour
  3522 | D:3      | Killed from afar by an orc wizard

Skill      XL: |  1  2  3  4  5 |
---------------+----------------+-----
Earth Magic    | 4 |  4.3
Short Blades   | 1 2 |  2.0
Fighting       | 1 |  1.2
Dodging        | 2 |  2.0
Stealth        | 3 |  3.2
Armour         | 1 |  1.1
Spellcasting   | 3 |  3.0
Transmutations | |  1.1

Action                   |  1- 3 |  4- 6 || total
-------------------------+-------+-------++-------
Melee: Dagger            |    32 |       ||    32
       Short sword       |    82 |   114 ||   196
 Cast: Sandblast         |     3 |    16 ||    19
  Use: Scroll            |     2 |     2 ||     4
       Potion            |       |     3 ||     3
 Stab: Sleeping          |     2 |       ||     2
  Eat: Chunk             |     3 |     5 ||     8
Armor: Robe              |     7 |       ||     7
       Ring mail         |    47 |    45 ||    92
Dodge: Dodged            |    77 |    74 ||   151
